 Dungeon Crawl Stone Soup version 0.28-a0-1312-g71652a0310 (webtiles) character file.

Game seed: 10092706539404454031

3136 Redcow54321 the Grappler (level 9, -4/83 HPs)
             Began as a Troll Fighter on Dec 27, 2021.
             Slain by an orc warrior (21 damage)
             ... on level 8 of the Dungeon.
             The game lasted 00:09:21 (5269 turns).

Redcow54321 the Grappler (Troll Fighter)            Turns: 5269, Time: 00:09:22

Health: -4/83      AC:  5    Str: 30    XL:     9   Next: 61%
Magic:  8/8        EV: 10    Int:  4    God:
Gold:   377        SH:  0    Dex:  9    Spells: 8/8 levels left

rFire   + . .      SeeInvis .     - Unarmed
rCold   x . .      Faith    .   (no shield)
rNeg    . . .      Spirit   .   a - +0 robe
rPois   .          Reflect  .   (helmet restricted)
rElec   .          Harm     .   g - +0 cloak
rCorr   .          Rampage  .   (gloves unavailable)
Will    .....                   (boots unavailable)
Stlth   +.........              (no amulet)
HPRegen 1.03/turn               p - ring of fire
MPRegen 0.11/turn               (no ring)

@: no status effects
A: large, unfitting armour, claws 3, regeneration 1, shaggy fur 1, tough skin 1
a: no special abilities


You were on level 8 of the Dungeon.
You visited 1 branch of the dungeon, and saw 8 of its levels.

You collected 377 gold pieces.

Inventory:

Missiles
 t - a throwing net (quivered)
Armour
 a - a +0 robe (worn)
 b - a +0 kite shield
 g - a +0 cloak (worn)
Jewellery
 f - a ring of wizardry
 p - a ring of fire (left claw)
Wands
 c - a wand of mindburst (19)
 i - a wand of iceblast (12)
 w - a wand of acid (6)
Scrolls
 d - 5 scrolls of identify
 e - 6 scrolls of teleportation
 j - a scroll of fear {unknown}
 k - 3 scrolls of blinking
 l - a scroll of enchant armour {unknown}
 o - a scroll of noise {unknown}
 q - a scroll of fog {unknown}
 v - a scroll of holy word {unknown}
Potions
 h - a potion of berserk rage
 m - a potion of heal wounds
 n - 2 potions of degeneration
 r - a potion of attraction
 s - a potion of curing
 u - a potion of brilliance


   Skills:
 * Level 3.3 Fighting
 - Level 2.4 Dodging
 - Level 2.4 Shields
 + Level 13.3 Unarmed Combat


You had 8 spell levels left.
You didn't know any spells.
Your spell library contained the following spells:

 Spells                   Type           Power      Damage    Failure   Level
 Foxfire                  Conj/Fire      0%         2x1d4     50%         1
 Conjure Flame            Conj/Fire      0%         6-21      86%         3
 Inner Flame              Hex/Fire       0%         N/A       86%         3
 Flame Wave               Conj/Fire      0%         2d4       99%         4


Dungeon Overview and Level Annotations

Branches:
Dungeon (8/15)             Temple (0/1) D:4
   Lair: D:8-11

Altars:
Okawaru

Shops:
D:5 :


Innate Abilities, Weirdness & Mutations

You are too large for most types of armour.
You have claws for hands.
Your natural rate of healing is unusually fast.
You are covered in fur. (AC +1)
You have tough skin. (AC +1)


Message History

The steam dragon breathes steam at you. The ball of steam hits you. You resist.
You mangle the steam dragon!!
The steam dragon is almost dead.
The steam dragon bites you. The steam dragon claws you.
You scratch the steam dragon but do no damage.
The steam dragon is almost dead.
The steam dragon closely misses you. The steam dragon barely misses you.
You mangle the steam dragon!!
You kill the steam dragon!
The steam dragon scales are intact enough to wear.
You closely miss the orc. The steam dragon breathes steam at you.
The ball of steam hits the orc!
The orc dies!
The ball of steam hits you. You resist. The steam dragon completely misses you.
The steam dragon claws you.
The orc warrior hits you with a +0 dire flail!
Things that are here:
a +0 flail; +0 steam dragon scales; a steam dragon corpse You barely miss the steam dragon.
The steam dragon bites you!
The steam dragon claws you but does no damage.
The orc warrior hits you with a +0 dire flail!
You barely miss the steam dragon. The steam dragon completely misses you.
The steam dragon barely misses you.
The orc warrior hits you with a +0 dire flail!
* * * LOW HITPOINT WARNING * * *
You closely miss the steam dragon. The orc warrior completely misses you.
The steam dragon breathes steam at you.
The ball of steam hits you but does no damage.
You resist.
You scratch the steam dragon but do no damage.
You mangle the steam dragon!!
The steam dragon is almost dead.
The steam dragon bites you!
* * * LOW HITPOINT WARNING * * *
The steam dragon claws you.
* * * LOW HITPOINT WARNING * * *
The orc warrior hits you with a +0 dire flail!!
You die...

.
#.....#<.#.##.#
.
#.##..#...)##.#
.
#........#.##.#
#
#........####.#
.##.#..........#
.....##.#.######
..........#
######...#
#..###D@ยง.#..#
#....$o####..#
#....))# #.>..
#......# #.###.
........' .># #
........# ###
.........
.....#### [....


You could see a steam dragon (catching breath) and an orc warrior.

Vanquished Creatures
  Prince Ribbit (D:6)
  Sigmund (D:4)
  A wraith (D:6)
  A steam dragon (D:8)
  An ice beast (D:7)
  2 necrophages
  2 ogres (D:6)
  A centaur (D:8)
  A kobold brigand (D:7)
  2 bullfrogs (D:7)
  2 scorpions
  2 gnoll sergeants (D:7)
  A wyvern zombie (D:6)
  3 water moccasin zombies (D:6)
  A water moccasin skeleton (D:6)
  4 wights (D:7)
  3 bullfrog zombies
  3 centaur zombies (D:6)
  4 hounds
  4 orc priests
  A bullfrog skeleton (D:7)
  3 centaur skeletons
  A jelly (D:7)
  6 iguanas
  2 orc wizards
  A howler monkey zombie (D:6)
  12 gnolls
  5 adders
  5 white imps (D:6)
  2 worms
  4 dart slugs
  15 orcs
  13 ball pythons
  7 bats
  5 endoplasms
  11 hobgoblins
  3 jackals (D:1)
  16 kobolds
  2 frilled lizards
  18 goblins
  A quokka skeleton (D:4)
  2 rats
175 creatures vanquished.

Vanquished Creatures (others)
  3 orcs (D:8)
3 creatures vanquished.

Grand Total: 178 creatures vanquished

Notes
Turn   | Place    | Note
-------+----------+-------------------------------------------
     0 | D:1      | Redcow54321 the Troll Fighter began the quest for the Orb.
     0 | D:1      | Reached XP level 1. HP: 22/22 MP: 0/0
   108 | D:1      | Reached XP level 2. HP: 25/29 MP: 1/1
   183 | D:1      | Reached skill level 3 in Unarmed Combat
   324 | D:1      | Reached XP level 3. HP: 36/36 MP: 2/2
   345 | D:1      | Found a faded altar of an unknown god.
   492 | D:2      | Reached skill level 4 in Unarmed Combat
   556 | D:2      | Reached XP level 4. HP: 35/44 MP: 3/3
  1052 | D:3      | Reached skill level 5 in Unarmed Combat
  1068 | D:3      | Reached XP level 5. HP: 10/50 MP: 4/4
  1604 | D:4      | Noticed a necrophage
  1605 | D:4      | Found a staircase to the Ecumenical Temple.
  1610 | D:4      | Killed a necrophage
  1611 | D:4      | Reached skill level 6 in Unarmed Combat
  1611 | D:4      | Reached XP level 6. HP: 58/59 MP: 5/5
  1741 | D:4      | Noticed Sigmund
  1749 | D:4      | Killed Sigmund
  1750 | D:4      | Reached skill level 7 in Unarmed Combat
  2479 | D:5      | Entered Level 5 of the Dungeon
  2508 | D:5      | Reached XP level 7. HP: 62/66 MP: 6/6
  2597 | D:5      | Reached skill level 8 in Unarmed Combat
  3065 | D:5      | Found Zinkopsu's Book Shop.
  3198 | D:6      | Noticed Prince Ribbit
  3215 | D:6      | Killed Prince Ribbit
  3216 | D:6      | Reached skill level 9 in Unarmed Combat
  3216 | D:6      | Reached XP level 8. HP: 53/74 MP: 7/7
  3345 | D:6      | Reached skill level 10 in Unarmed Combat
  3368 | D:6      | Reached skill level 11 in Unarmed Combat
  3635 | D:6      | Reached XP level 9. HP: 73/80 MP: 8/8
  3895 | D:6      | Reached skill level 12 in Unarmed Combat
  3971 | D:7      | Found an iron altar of Okawaru.
  4295 | D:7      | HP: 2/77 [wight (4)]
  4849 | D:7      | Reached skill level 13 in Unarmed Combat
  5269 | D:8      | Slain by an orc warrior

Illustrated notes

Levels and vault maps discovered:
D:1:      shiori_shiawase, layout_rooms, hellmonk_ecumenical_altar_dog_temple,
          st_stairs_2
D:2:      layout_rooms
D:3:      layout_basic, hangedman_decor_clover_reticule, grunt_ministairs_10,
          grunt_decor_resistance, minmay_goblin_outpost
D:4:      layout_cave_pods, minmay_temple_entry_overgrown, uniq_sigmund
D:5:      layout_basic, serial_shops, nicolae_stop_n_shop_1, minmay_crystal_room
D:6:      layout_rooms, serial_undead, serial_undead_f, serial_undead_f,
          serial_undead_a, serial_undead_d, uniq_prince_ribbit1
D:7:      layout_basic, kennysheep_mini, lightli_orcish_oven
D:8:      layout_basic

Skill      XL: |  1  2  3  4  5  6  7  8  9 |
---------------+----------------------------+-----
Unarmed Combat | 3 4 5 6 7 9 11 13 | 13.3
Fighting       | 3 |  3.3
Dodging        | |  2.4
Shields        | |  2.4

Action                   |  1- 3 |  4- 6 |  7- 9 || total
-------------------------+-------+-------+-------++-------
Melee: Unarmed           |    83 |   139 |   259 ||   481
       Punch             |       |     1 |    13 ||    14
  Use: Potion            |       |     1 |     1 ||     2
       Scroll            |       |       |     8 ||     8
 Stab: Sleeping          |       |     1 |       ||     1
Armor: Robe              |    40 |    39 |    49 ||   128
Dodge: Dodged            |    53 |    59 |   100 ||   212
Block: Kite shield       |     4 |       |       ||     4

Table legend: (Time is in decaauts)
 A = Elapsed time spent in this place.
 B = Non-inter-level travel time spent in this place.
 C = Inter-level travel time spent in this place.
 D = Time resting spent in this place.
 E = Time spent auto-exploring this place.
 F = Levels seen in this place.
 G = Mean time per level.
                   A        B        C        D        E       F      G
               +--------+--------+--------+--------+--------+-----+--------+
         Total |   5201 |   5031 |    170 |    215 |   3742 |   8 |  650.1 |
       Dungeon |   5201 |   5031 |    170 |    215 |   3742 |   8 |  650.1 |
               +--------+--------+--------+--------+--------+-----+--------+

Top non-repeatable levels by time:
     D:7: 1233 daAuts
     D:4: 872 daAuts
     D:3: 798 daAuts
     D:6: 732 daAuts
     D:5: 694 daAuts
     D:1: 410 daAuts
     D:2: 377 daAuts
     D:8: 82 daAuts
